 Dungeon Crawl Stone Soup version 0.30-a0-232-g7c5df11ecf (webtiles) character file.

Game seed: 4566954136842829464

1107 qw the Cleaver (level 8, -4/49 HPs)
             Began as a Gargoyle Fighter on Oct 9, 2022.
             Slain by Grinder (6 damage)
             ... on level 6 of the Dungeon.
             The game lasted 00:01:48 (4143 turns).

qw the Cleaver (Gargoyle Fighter)                   Turns: 4143, Time: 00:01:49

Health: -4/49      AC: 17    Str: 21    XL:     8   Next: 33%
Magic:  8/8        EV: 13    Int:  8    God:
Gold:   193        SH:  4    Dex:  9    Spells: 7/7 levels left

rFire   . . .      SeeInvis .    Y - +1 war axe
rCold   . . .      Faith    .    c - +0 buckler
rNeg    + . .      Spirit   .    b - +0 scale mail
rPois   inf        Reflect  .    k - +2 helmet
rElec   +          Harm     .    p - +0 cloak
rCorr   .          Rampage  .    e - +0 pair of gloves
Will    .....                    (no boots)
Stlth   ..........               (no amulet)
HPRegen 0.28/turn                g - +4 ring of evasion
MPRegen 0.11/turn                (no ring)

@: about to teleport, mesmerised
A: sickness immunity, AC +5, negative energy resistance 1, electricity
resistance, torment resistance 1, petrification resistance, claws 1, hooves 1,
dopey 1, wild magic 1
a: no special abilities


You were on level 6 of the Dungeon.
You visited 1 branch of the dungeon, and saw 6 of its levels.

You collected 193 gold pieces.


Innate Abilities, Weirdness & Mutations

You are immune to sickness and miasma.
Your stone body is resilient. (AC +5)
You are immune to poison.
You resist negative energy. (rN+)
You are resistant to electric shocks. (rElec)
You are resistant to unholy torment.
You are immune to petrification.
You have sharp fingernails.
You have large cloven feet.
You are dopey. (Int -2)
Your spells are a little harder to cast, but a little more powerful.


   Skills:
 + Level 5.2 Fighting
 - Level 8.0 Axes
 - Level 3.2 Armour
 - Level 1.6 Dodging
 - Level 3.2 Shields


You had 7 spell levels left.
You didn't know any spells.
Your spell library was empty.

Inventory:

Hand Weapons
 o - a +0 flail
 Y - a +1 war axe (weapon)
Armour
 b - a +0 scale mail (worn)
 c - a +0 buckler (worn)
 e - a +0 pair of gloves (worn)
 i - the +0 robe "Voheb" {rElec rF+ Int-3 SInv}
   (You found it on level 5 of the Dungeon)

   Int:       It affects your intelligence (-3).
   rF:        It protects you from fire.
   rElec:     It insulates you from electricity.
   SInv:      It lets you see invisible.
 k - a +2 helmet (worn)
 p - a +0 cloak (worn)
Jewellery
 g - a +4 ring of evasion (left hand)
 q - a ring of fire
Scrolls
 h - 2 scrolls of teleportation
 j - 6 scrolls of identify
Potions
 a - a potion of lignification
 d - 2 potions of might
 f - 4 potions of curing
 l - 2 potions of haste
 m - 2 potions of mutation
 n - a potion of resistance

Dungeon Overview and Level Annotations

Branches:
Dungeon (6/15)
 Temple: D:4-7

Altars:
Yredelemnul

Shops:
D:3 (   D:4 :

Annotations:
D:3 2 runed translucent doors, qw's ghost, amateur GrFi
D:6 Grinder; Maggie


Message History

You hit Grinder.
Maggie gestures wildly while chanting.
Maggie attempts to bespell you!
You easily resist.
Grinder blinks!
You barely miss Maggie. Your kick misses Maggie.
Maggie is lightly wounded.
You slash Grinder!
Maggie gestures wildly while chanting.
Maggie attempts to bespell you!
You are mesmerised by Maggie!
Grinder hits you but does no damage.
You closely miss Grinder. Your kick misses Grinder.
Grinder is moderately wounded.
You barely miss Maggie. Maggie barely misses you. Grinder gestures at you.
Pain shoots through your body!
You hit Grinder. You kick Grinder.
Grinder is heavily wounded.
You hit Maggie.
Maggie hits you with a +2 halberd of flaming.
Maggie burns you. Grinder completely misses you.
Grinder hits you but does no damage. You block Maggie's attack.
You barely miss Grinder. You kick Grinder.
Grinder is heavily wounded.
You hit Maggie but do no damage. Maggie hits you but does no damage.
Grinder barely misses you.
You slash Grinder! Your kick misses Grinder.
Grinder is severely wounded.
You barely miss Maggie. Maggie barely misses you.
Grinder hits you but does no damage.
You hit Grinder but do no damage. You kick Grinder, but do no damage.
Grinder is severely wounded.
You closely miss Maggie. Maggie gestures at you while chanting.
The bolt of fire hits you! Grinder hits you but does no damage.
4143 ||| READING 3 scrolls of teleportation.
As you read the scroll of teleportation, it crumbles to dust.
You feel strangely unstable. Maggie hits you but does no damage.
Grinder hits you.
You die...

## ... .#
#.###.#
#.##..#
##.#...###
........ #
#.#.@5#
#.##.##@.#
#....<...#
####.#####
#.# #.#
#.# #..
###


You could see Maggie (mesmerising) and Grinder.

Vanquished Creatures
  A wyvern (D:5)
  2 black bears
  A phantom (D:5)
  3 scorpions
  A howler monkey (D:4)
  A hound (D:5)
  A bullfrog zombie (D:4)
  A gnoll bouda (D:5)
  Natasha (D:4)
  2 orc wizards (D:5)
  Robin (D:3)
  16 adders
  4 gnolls (D:5)
  A river rat (D:5)
  An ufetubus (D:5)
  An adder zombie (D:4)
  4 worms
  2 dart slugs
  3 orcs
  6 ball pythons
  5 endoplasms
  A giant cockroach (D:2)
  13 goblins
  12 hobgoblins
  4 jackals (D:1)
  5 quokkas
  5 bats
  4 frilled lizards
  7 kobolds
  2 rats
111 creatures vanquished.

Notes
Turn   | Place    | Note
-------+----------+-------------------------------------------
     0 | D:1      | qw the Gargoyle Fighter began the quest for the Orb.
     0 | D:1      | Reached XP level 1. HP: 14/14 MP: 1/1
     0 | D:1      | 0 ||| qw: Version: 0.2-a-17-g06abaee
     0 | D:1      | 0 ||| qw: Game counter: 2313
     0 | D:1      | 0 ||| qw: Always use a shield: true
     0 | D:1      | 0 ||| qw: God list: Okawaru
     0 | D:1      | 0 ||| qw: Allow faded altars: false
     0 | D:1      | 0 ||| qw: Do Orc after D:15 true
     0 | D:1      | 0 ||| qw: Do second Lair branch before Depths: true
     0 | D:1      | 0 ||| qw: Lair rune preference: random
     0 | D:1      | 0 ||| qw: Plans: Normal, Zot:1-4, God:TSO, Crypt, Tomb,
                  | Pan, Slime:5, Hells, Abyss, Orb
     0 | D:1      | 0 ||| PLANNING D:1-11
    68 | D:1      | Reached skill level 2 in Axes
   130 | D:1      | Reached XP level 2. HP: 19/19 MP: 2/2
   291 | D:1      | 291 ||| Stepping ~*~*~tactically~*~*~ (stealth).
   293 | D:1      | 293 ||| Stepping ~*~*~tactically~*~*~ (stealth).
   327 | D:1      | 327 ||| Stepping ~*~*~tactically~*~*~ (stealth).
   335 | D:1      | 335 ||| Stepping ~*~*~tactically~*~*~ (stealth).
   385 | D:1      | Reached skill level 3 in Axes
   427 | D:1      | Reached XP level 3. HP: 23/23 MP: 3/3
   914 | D:1      | 914 ||| UPGRADING to +4 ring of evasion.
   915 | D:1      | 915 ||| READING 2 scrolls labelled ARENOQETWE.
   916 | D:1      | 916 ||| READING scroll labelled JEXIFY IREOPP.
   917 | D:1      | 917 ||| READING scroll labelled YREV UZOHEAM.
   922 | D:1      | 922 ||| DRINKING 3 inky potions.
   923 | D:1      | 923 ||| DROPPING scroll of fear.
   978 | D:2      | 978 ||| Stepping ~*~*~tactically~*~*~ (stealth).
   983 | D:2      | 983 ||| Stepping ~*~*~tactically~*~*~ (stealth).
  1100 | D:2      | 1100 ||| Stepping ~*~*~tactically~*~*~ (stealth).
  1106 | D:2      | Reached XP level 4. HP: 28/28 MP: 4/4
  1137 | D:2      | 1137 ||| Stepping ~*~*~tactically~*~*~ (stealth).
  1163 | D:2      | Found a faded altar of an unknown god.
  1321 | D:2      | Reached skill level 4 in Axes
  1448 | D:2      | 1448 ||| READING 2 scrolls labelled FAJUDO RIAS.
  1449 | D:2      | 1449 ||| READING scroll labelled MAUKHL INUEGUC.
  1450 | D:2      | 1450 ||| READING scroll labelled KYJIFU BEUDUO.
  1451 | D:2      | 1451 ||| READING scroll labelled GEUSHRU RARINK.
  1532 | D:3      | Noticed Robin
  1562 | D:3      | Killed Robin
  1726 | D:3      | Found a large runed translucent door.
  1726 | D:3      | Found a large runed translucent door.
  1727 | D:3      | Noticed qw's ghost (amateur GrFi)
  1846 | D:3      | Reached XP level 5. HP: 32/32 MP: 5/5
  1901 | D:3      | 1901 ||| Stepping ~*~*~tactically~*~*~ (stealth).
  1955 | D:3      | Found Xael Cua's Weapon Shop.
  1966 | D:3      | 1966 ||| SHOPLISTING +2 vorpal war axe (223 gold, have
                  | 109).
  2351 | D:3      | 2351 ||| UPGRADING to +0 helmet.
  2356 | D:3      | 2356 ||| READING scroll of enchant armour.
  2356 | D:3      | 2356 ||| ENCHANTING +0 helmet.
  2357 | D:3      | 2357 ||| READING scroll labelled YSEKIMU OWIZU.
  2358 | D:3      | 2358 ||| READING scroll labelled TONWIU LUMUR.
  2359 | D:3      | 2359 ||| DRINKING 2 metallic clear potions.
  2390 | D:3      | 2390 ||| DRINKING 2 ruby potions.
  2390 | D:3      | Gained mutation: You have large cloven feet. [potion of
                  | mutation]
  2390 | D:3      | Gained mutation: You are dopey. (Int -2) [potion of
                  | mutation]
  2390 | D:3      | Gained mutation: Your spells are a little harder to cast,
                  | but a little more powerful. [potion of mutation]
  2390 | D:3      | Gained mutation: You have sharp fingernails. [potion of
                  | mutation]
  2391 | D:3      | 2391 ||| READING 8 scrolls of identify.
  2391 | D:3      | 2391 ||| IDENTIFYING red potion
  2392 | D:3      | 2392 ||| READING 7 scrolls of identify.
  2392 | D:3      | 2392 ||| IDENTIFYING golden potion
  2393 | D:3      | 2393 ||| READING 6 scrolls of identify.
  2393 | D:3      | 2393 ||| IDENTIFYING fizzy inky potion
  2394 | D:3      | 2394 ||| DROPPING potion of invisibility.
  2410 | D:4      | Found Zismaog's Book Emporium.
  2420 | D:4      | Noticed a black bear
  2433 | D:4      | Reached skill level 5 in Axes
  2437 | D:4      | Killed a black bear
  2438 | D:4      | Reached XP level 6. HP: 37/39 MP: 6/6
  2557 | D:4      | Reached skill level 1 in Dodging
  2559 | D:4      | 2559 ||| READING scroll of enchant armour.
  2559 | D:4      | 2559 ||| ENCHANTING +1 helmet.
  2602 | D:4      | Found a basalt altar of Yredelemnul.
  2638 | D:4      | 2638 ||| Stepping ~*~*~tactically~*~*~ (stealth).
  2639 | D:4      | 2639 ||| Stepping ~*~*~tactically~*~*~ (stealth).
  2640 | D:4      | 2640 ||| Stepping ~*~*~tactically~*~*~ (stealth).
  2641 | D:4      | 2641 ||| Stepping ~*~*~tactically~*~*~ (stealth).
  2642 | D:4      | 2642 ||| Stepping ~*~*~tactically~*~*~ (stealth).
  2651 | D:4      | Reached XP level 7. HP: 42/44 MP: 7/7
  2671 | D:4      | 2671 ||| DROPPING +0 whip.
  2742 | D:4      | 2742 ||| Stepping ~*~*~tactically~*~*~ (stealth).
  3002 | D:4      | 3002 ||| Stepping ~*~*~tactically~*~*~ (stealth).
  3006 | D:4      | Noticed Natasha
  3013 | D:4      | Killed Natasha
  3014 | D:4      | Reached skill level 6 in Axes
  3062 | D:4      | 3062 ||| UPGRADING to +0 pair of gloves.
  3067 | D:4      | 3067 ||| UPGRADING to +0 cloak.
  3072 | D:4      | 3072 ||| READING scroll labelled COCRUI ZIRIEPRIQI.
  3080 | D:5      | Entered Level 5 of the Dungeon
  3081 | D:5      | 3081 ||| PLANNING SEWER
  3112 | D:5      | Identified the +0 robe "Voheb" {rElec rF+ Int-3 SInv}
  3147 | D:5      | 3147 ||| Stepping ~*~*~tactically~*~*~ (stealth).
  3166 | D:5      | Noticed a wyvern
  3173 | D:5      | Killed a wyvern
  3243 | D:5      | Reached skill level 7 in Axes
  3324 | D:5      | Reached XP level 8. HP: 49/49 MP: 8/8
  3763 | D:5      | Found a sand-covered staircase.
  4021 | D:5      | Reached skill level 8 in Axes
  4077 | D:5      | 4077 ||| RIP SEWER
  4077 | D:5      | 4077 ||| RIP OSSUARY
  4077 | D:5      | 4077 ||| PLANNING D:1-11
  4077 | D:5      | 4077 ||| READING scroll labelled POSASK ZOPNI.
  4078 | D:5      | 4078 ||| READING 7 scrolls of identify.
  4078 | D:5      | 4078 ||| IDENTIFYING fuming sapphire potion
  4079 | D:5      | 4079 ||| DROPPING potion of brilliance.
  4127 | D:6      | Noticed Grinder
  4127 | D:6      | Noticed Maggie
  4128 | D:6      | 4128 ||| Stepping ~*~*~tactically~*~*~ (hiding).
  4142 | D:6      | HP: 1/49 [Maggie/bolt of fire (13)]
  4143 | D:6      | 4143 ||| READING 3 scrolls of teleportation.
  4143 | D:6      | Slain by Grinder

Levels and vault maps discovered:
D:1:      heliophobic_arrival_dark_side_of_the_moon, layout_loops_ring,
          minivault_5, minmay_cut_off
D:2:      layout_rooms, ebering_ecumenical_altar_mist
D:3:      layout_basic, ebering_ghost_disaster_area, serial_shops, shop,
          uniq_robin
D:4:      layout_gridville, lemuel_zombie_altar_yredelemnul, serial_shops,
          nicolae_shop_stone, uniq_natasha
D:5:      layout_loops_ring, nicolae_ossuary_entry_monument,
          lightli_sewer_entry_pipes
D:6:      layout_loops_corners, gammafunk_ghost_grave, serial_shops,
          kennysheep_little_box, minmay_manual_moon, uniq_maggie,
          uniq_eustachio, uniq_grinder

Skill      XL: |  1  2  3  4  5  6  7  8 |
---------------+-------------------------+-----
Axes           | 2 3 4 5 7 8 |  8.0
Fighting       | 4 5 |  5.2
Dodging        | 1 |  1.6
Armour         | |  3.2
Shields        | |  3.2

Action                   |  1- 3 |  4- 6 |  7- 9 || total
-------------------------+-------+-------+-------++-------
Melee: War axe           |    92 |   119 |   160 ||   371
       Kick              |       |    14 |    27 ||    41
  Use: Scroll            |     3 |    11 |     4 ||    18
       Potion            |     1 |     2 |       ||     3
Armor: Scale mail        |    40 |    58 |    99 ||   197
Dodge: Dodged            |    47 |    70 |   101 ||   218
Block: Buckler           |    11 |    16 |    26 ||    53

Table legend:
 A = Non-vault XP
 B = Vault XP
 C = Vault XP percentage of total XP
 D = Non-vault monster count
 E = Vault monster count
 F = Vault count percentage of total count
                 A         B        C        D         E       F
            +---------+---------+-------+---------+---------+-------
      Total |    1387 |     195 |  12.3 |      86 |      25 |  22.5
            +---------+---------+-------+---------+---------+-------
        D:1 |      38 |       5 |  11.6 |      20 |       3 |  13.0
        D:2 |      57 |       0 |   0.0 |      19 |       0 |   0.0
        D:3 |      60 |      38 |  38.8 |       9 |      13 |  59.1
        D:4 |     422 |      85 |  16.8 |      19 |       3 |  13.6
        D:5 |     810 |      67 |   7.6 |      19 |       6 |  24.0
            +---------+---------+-------+---------+---------+-------
